[Event "*** Titled Tuesday Blitz"]
[Site "Chess.com"]
[Date "2020.04.14"]
[Round "3"]
[White "ersekitamara"]
[Black "allvim"]
[Result "1-0"]
[WhiteElo "1954"]
[BlackElo "2263"]
[TimeControl "180+1"]
[EndTime "10:28:08 PDT"]
[Termination "ersekitamara won by resignation"]

1. d4 Nf6 2. Bg5 d5 3. Nf3 e6 4. e3 Be7 5. Bd3 O-O 6. Nbd2 c5 7. c3 b6 8. O-O Bb7 9. Bxf6 Bxf6 10. Qe2 cxd4 11.
exd4 Nd7 12. a4 a6 13. Rfe1 Rc8 14. Ne5 Nxe5 15. dxe5 Be7 16. Qh5 g6 17. Qg4 Re8 18. Nf3 Bf8 19. h4 h5 20. Qf4 Bg7 21. Ng5 Qc7 22.
Re3 f6 23. Nf3 f5 24. Rae1 Bc6 25. Qg5 Qf7 26. Nd4 Bxa4 27. Rg3 Kh7 28. Bxa6 Ra8 29. Bd3 Bh6 30. Qf6 Qxf6 31. exf6 e5 32. Nxf5 gxf5 33.
Bxf5+ Kh8 34. f7 Rf8 35. Be6 Rad8 36. Rxe5 Bd7 37. Rxh5 Kh7 38. Bxd5 Ba4 39. Be4+ 1-0

[Event "*** Titled Tuesday Blitz"]
[Site "Chess.com"]
[Date "2020.04.14"]
[Round "3"]
[White "Zubrrr"]
[Black "adiosabu"]
[Result "0-1"]
[WhiteElo "2716"]
[BlackElo "2535"]
[TimeControl "180+1"]
[EndTime "10:28:09 PDT"]
[Termination "adiosabu won on time"]

1. c4 e5 2. g3 Nf6 3. Bg2 Be7 4.
Nc3 O-O 5. Nf3 d6 6. O-O h6 7. d4 Nbd7 8. e4 c6 9. h3 Qc7 10. Be3 a6 11. Rc1 Re8 12. Re1 Qb8 13. a3 b5 14. cxb5 axb5 15. Nh4 b4 16. axb4 Qxb4 17.
Nf5 Bf8 18. Rc2 Nb6 19. dxe5 dxe5 20. Bc1 Nc4 21. g4 Be6 22. Qf3 Nh7 23. h4 Rad8 24.
g5 hxg5 25. hxg5 g6 26. Nh6+ Bxh6 27. gxh6 Na5 28. Rce2 Nb3 29. Be3 Nd4 30. Bxd4 exd4 31. Nd1 d3 32. Re3 d2 33. Rf1 Bc4 34. Rc3 Bxf1 35.
Bxf1 Qxe4 0-1

[Event "*** Titled Tuesday Blitz"]
[Site "Chess.com"]
[Date "2020.04.14"]
[Round "3"]
[White "dmosesov"]
[Black "Halvard"]
[Result "1-0"]
[WhiteElo "2508"]
[BlackElo "2093"]
[TimeControl "180+1"]
[EndTime "10:28:09 PDT"]
[Termination "dmosesov won on time"]

1. d4 Nf6 2. c4 Nc6 3. Nf3 d6 4. Nc3 e5 5. dxe5 Nxe5 6. Nxe5 dxe5 7. Qxd8+ Kxd8 8. g3 Be6 9. Bg2 c6 10. b3 Nd7 11. Bb2 f6 12. O-O-O Kc7 13. Rd2 Bc5 14. e3 Rhd8 15. a3 a5 16. Rhd1 Bg4 17. Re1 Nb6 18.
Rxd8 Rxd8 19. h3 Bf5 20. g4 Be6 21. Ne4 Be7 22. c5 Nd7 23. b4 axb4 24. axb4 b6 25. f4 Bd5 26. fxe5 Nxe5 27. Kc2 bxc5 28. bxc5 Nd7 29.
Ra1 Rb8 30. Bc3 g6 31. Ra7+ Rb7 32. Ra8 f5 33. Ba5+ 1-0

[Event "*** Titled Tuesday Blitz"]
[Site "Chess.com"]
[Date "2020.04.14"]
[Round "3"]
[White "Vojtastr"]
[Black "Harsha_Bharathakoti"]
[Result "0-1"]
[WhiteElo "2478"]
[BlackElo "2802"]
[TimeControl "180+1"]
[EndTime "10:28:10 PDT"]
[Termination "Harsha_Bharathakoti won by resignation"]

1. c4 f5 2. b3 Nf6 3. Bb2 g6 4. h3 Bg7 5. g4 d6 6. Nf3 e5 7.
Qc2 Nc6 8. e3 fxg4 9. hxg4 Bxg4 10. Bg2 Bf5 11. Qd1 Nb4 12. O-O Nd3 13. Ba3 O-O 14. Nc3 Qd7 15. Ng5 Bh6 16. Nge4 Bh3 17. Qf3 Bxg2 18. Qxg2 Nxe4 19. Nxe4 Bg7 20. Ng3 Qc6 21.
f3 Qa6 22. Qe2 Nf4 23. exf4 Qxa3 24. f5 gxf5 25. Nh5 Bh6 26. Kh1 Kh8 27. f4 Qc5 28.
Rg1 Rg8 29. Rxg8+ Rxg8 30. Qd3 Qc6+ 31. Qd5 Qxd5+ 32. cxd5 Rg4 33. Nf6 Rxf4 34. Rg1 Rh4+ 35. Kg2 Bg5 36. Ne8 Rg4+ 37. Kf1 Rxg1+ 38. Kxg1 Bd8 39.
Nf6 Bxf6 0-1

[Event "*** Titled Tuesday Blitz"]
[Site "Chess.com"]
[Date "2020.04.14"]
[Round "3"]
[White "ulkaf961"]
[Black "AshotParvanyan"]
[Result "0-1"]
[WhiteElo "2349"]
[BlackElo "2590"]
[TimeControl "180+1"]
[EndTime "10:28:10 PDT"]
[Termination "AshotParvanyan won on time"]

1. b3 Nf6 2. Bb2 g6 3. g3 Bg7 4.
Bg2 O-O 5. Nf3 d6 6. O-O e5 7. d3 Re8 8. Nbd2 Nc6 9. e4 Be6 10. Ng5 Bg4 11. f3 Bd7 12. f4 Ng4 13. Qf3 Nd4 14.
Bxd4 exd4 15. Nc4 h6 16. Nxf7 Kxf7 17. f5 Ne5 18. fxg6+ Kxg6 19. Nxe5+ dxe5 20. Qf7+ Kh7 21. Qh5 Be6 22. h4 Qe7 23. Rf2 Rf8 24. Raf1 Rxf2 25.
Rxf2 Rf8 26. Bf3 Qf7 27. Qxf7 Rxf7 28. Kg2 Bf8 29. Rf1 a5 30. g4 Be7 31. Kg3 Rf4 32.
Rh1 Kg7 0-1

[Event "*** Titled Tuesday Blitz"]
[Site "Chess.com"]
[Date "2020.04.14"]
[Round "3"]
[White "erlesfar"]
[Black "IwkooO"]
[Result "0-1"]
[WhiteElo "2268"]
[BlackElo "2536"]
[TimeControl "180+1"]
[EndTime "10:28:10 PDT"]
[Termination "IwkooO won on time"]

1. e4 c5 2. d4 cxd4 3. c3 Nf6 4. e5 Nd5 5. Nf3 Nc6 6. Bc4 Nb6 7. Bb3 d5 8. exd6 Qxd6 9. O-O dxc3 10. Nxc3 Qxd1 11. Rxd1 Bg4 12. Nb5 Rc8 13. Ng5 e6 14. f3 Bc5+ 15. Kh1 Bf5 16. g4 Bg6 17. h4 h6 18. Nxe6 fxe6 19. Bxe6 Rd8 20. Re1 Kf8 21.
Bf4 Bf7 22. Rac1 Bb4 23. Re2 Bxe6 24. Rxe6 Kf7 25. Re4 Rhe8 26. Rxe8 Rxe8 27. a3 Bf8 28. Nc3 Nc4 29. Ne4 Nxb2 30. Rb1 Bxa3 31. Nc3 Nd3 32.
Rxb7+ Re7 33. Rxe7+ Bxe7 34. Be3 a5 35. Nd5 Bc5 36. Bd2 a4 37. Bc3 a3 0-1

[Event "*** Titled Tuesday Blitz"]
[Site "Chess.com"]
[Date "2020.04.14"]
[Round "3"]
[White "NiranjanNavalgund"]
[Black "tgpgoat"]
[Result "1-0"]
[WhiteElo "2427"]
[BlackElo "2101"]
[TimeControl "180+1"]
[EndTime "10:28:10 PDT"]
[Termination "NiranjanNavalgund won by resignation"]

1. e4 c5 2. Nf3 Nc6 3. d4 cxd4 4. Nxd4 e5 5. Nb5 d6 6. c4 a6 7. N5a3 Be7 8. Nc3 f5 9. exf5 Bxf5 10. Bd3 Be6 11.
Nd5 Nf6 12. Nxe7 Qxe7 13. O-O O-O 14. Nc2 Qf7 15. Bg5 Bxc4 16. Bxc4 Qxc4 17. Ne3 Qe6 18. Bxf6 Rxf6 19. Nd5 Rf7 20. Rc1 Raf8 21. f3 Nd4 22. Ne3 Qxa2 23. Nc4 b5 24. Nxd6 Rd7 25. Ne4 Nxf3+ 26.
Qxf3 Rxf3 27. Rc8+ Kf7 28. Rxf3+ Ke7 29. Ng3 Rd1+ 30. Nf1 Qxb2 31. Rcf8 Qd4+ 32. Kh1 b4 33. R3f7+ Ke6 34. h3 b3 35. Rb7 b2 36. Re8+ Kf5 37. Kh2 Rxf1 38. Rf8+ Ke4 39. Rxf1 Kd3 40. Rxg7 e4 41.
Rd1+ Kc3 42. Rc7+ Kb4 43. Rxd4+ Kb5 1-0

[Event "*** Titled Tuesday Blitz"]
[Site "Chess.com"]
[Date "2020.04.14"]
[Round "3"]
[White "Semetey"]
[Black "maxsergej"]
[Result "1-0"]
[WhiteElo "2552"]
[BlackElo "2235"]
[TimeControl "180+1"]
[EndTime "10:28:10 PDT"]
[Termination "Semetey won on time"]

1. g3 d5 2. Bg2 g6 3. d3 Bg7 4.
Nd2 c6 5. e4 e6 6. Ngf3 Ne7 7.
O-O Nd7 8. Re1 O-O 9. h4 b6 10. h5 Bb7 11. Nf1 c5 12. e5 Nc6 13. Bf4 d4 14. N1h2 h6 15. Ng4 g5 16. Bd2 Ne7 17. Nxg5 Bxg2 18. Kxg2 Nf5 19. Nf3 Kh7 20. Qe2 Rg8 21.
Qe4 Kh8 22. Rh1 Qc7 23. Rae1 Rae8 24. Nh4 Nxh4+ 25. Rxh4 f5 26. exf6 Nxf6 27. Nxf6 Bxf6 28. Rg4 Rxg4 29. Qxg4 Rg8 30. Qxe6 Qg7 31. Re4 Bg5 32. Rg4 Qb7+ 33. Kg1 Qf3 34. Bxg5 Rf8 35. Qxh6+ Kg8 36.
Qg6+ Kh8 37. Bf4 1-0

[Event "*** Titled Tuesday Blitz"]
[Site "Chess.com"]
[Date "2020.04.14"]
[Round "3"]
[White "viktorko131"]
[Black "MattyDPerrine"]
[Result "0-1"]
[WhiteElo "2132"]
[BlackElo "2340"]
[TimeControl "180+1"]
[EndTime "10:28:10 PDT"]
[Termination "MattyDPerrine won on time"]

1. e4 c5 2. Nf3 e6 3. d4 cxd4 4.
Nxd4 Nc6 5. Nc3 Qc7 6. Be3 a6 7. Qf3 Ne5 8. Qg3 d6 9. O-O-O h5 10. h4 Nf6 11. f3 b5 12. Kb1 Rb8 13. Ka1 b4 14. Nb1 Bd7 15. Rc1 Nc4 16. Bxc4 Qxc4 17.
Nd2 Qc8 18. c3 Qb7 19. cxb4 Qxb4 20. b3 g6 21. Nc6 Bxc6 22. Rxc6 Bg7 23. Kb1 Qa3 24. Nc4 Rxb3+ 25. axb3 Qxb3+ 26. Kc1 O-O 27. Rd1 Qc3+ 28. Kb1 Rb8+ 29. Ka2 Qb3+ 30. Ka1 Qa4+ 0-1

[Event "*** Titled Tuesday Blitz"]
[Site "Chess.com"]
[Date "2020.04.14"]
[Round "3"]
[White "Dynamikus"]
[Black "TomasKapitanchuk"]
[Result "1-0"]
[WhiteElo "2746"]
[BlackElo "2492"]
[TimeControl "180+1"]
[EndTime "10:28:11 PDT"]
[Termination "Dynamikus won by resignation"]

1. Nf3 c5 2. e4 e6 3. d4 cxd4 4. Nxd4 Nc6 5. Nc3 Qc7 6. Be3 a6 7. Qf3 d6 8. Nxc6 bxc6 9. O-O-O Rb8 10. Kb1 Qa5 11. Bd2 Qa3 12. b3 e5 13. Bc4 Nf6 14.
Qg3 Qc5 15. Ka1 Be6 16. Bxe6 fxe6 17. f4 exf4 18. Qxf4 e5 19. Qg3 Be7 20. Qxg7 Rg8 21.
Qh6 Rxg2 22. Kb2 Rb4 23. Be3 Qa5 24. Rhg1 Rxg1 25. Rxg1 Qd8 26. Bg5 Nxe4 27. Bxe7 Qxe7 28. Rg8+ Kd7 29. Rg7 Nxc3 30. Rxe7+ Kxe7 31. Qxh7+ Ke6 32. Kxc3 Rf4 33. Qg6+ Rf6 34. Qg4+ Rf5 35. h4 Kf6 36. h5 Rf4 37. Qg6+ Ke7 38. h6 Rh4 39. Qg5+ 1-0

[Event "*** Titled Tuesday Blitz"]
[Site "Chess.com"]
[Date "2020.04.14"]
[Round "3"]
[White "I_like_Kasparov"]
[Black "ChessNinja48"]
[Result "1-0"]
[WhiteElo "2356"]
[BlackElo "2153"]
[TimeControl "180+1"]
[EndTime "10:28:11 PDT"]
[Termination "I_like_Kasparov won by resignation"]

1. e3 Nf6 2. d4 g6 3. Nf3 Bg7 4. b3 O-O 5. Bb2 d5 6. Nbd2 c6 7.
Bd3 Bg4 8. O-O Nbd7 9. h3 Bxf3 10. Nxf3 a5 11. a4 Qb6 12. c4 e6 13. Ba3 Rfe8 14.
Rb1 Ne4 15. Qc2 f5 16. b4 axb4 17. Rxb4 Qc7 18. Rfb1 Ra7 19. Qb3 b6 20. cxd5 exd5 21. Rc1 Qb7 22. Qc2 Rc8 23. Rbb1 Qa8 24. Bb5 Rac7 25. Be2 c5 26. dxc5 bxc5 27. Bb5 Nc3 28. Rb3 d4 29. Bc4+ Kh8 30. Ng5 Ne5 31. Be6 Rd8 32. f4 Nc6 33. Nf7+ Rxf7 34. Bxf7 Qa5 35. Bb2 Qxa4 36. Bxc3 dxc3 37. Rxc3 Nb4 38. Qxa4 1-0

[Event "*** Titled Tuesday Blitz"]
[Site "Chess.com"]
[Date "2020.04.14"]
[Round "3"]
[White "2008king"]
[Black "Setne007"]
[Result "1-0"]
[WhiteElo "2002"]
[BlackElo "2269"]
[TimeControl "180+1"]
[EndTime "10:28:11 PDT"]
[Termination "2008king won on time"]

1. e4 d6 2. d4 Nf6 3. Nc3 e5 4. dxe5 dxe5 5. Qxd8+ Kxd8 6. Bc4 Be6 7. Bxe6 fxe6 8. f3 Bd6 9. Be3 Ke7 10. O-O-O Nbd7 11. Nge2 a6 12. Ng3 b5 13. Bg5 Rhb8 14. Nh5 Kf7 15.
Nxf6 gxf6 16. Be3 a5 17. h4 a4 18. Rd2 b4 19. Ne2 b3 20. cxb3 axb3 21. a3 Ke7 22. Rh3 Rg8 23. g4 Ra4 24. Nc3 Rc4 25. Rd3 Ra8 26. Rh2 f5 27. Bg5+ Ke8 28. gxf5 exf5 29. Rg2 f4 30. Bh6 Nf6 31. Bg7 Nh5 32. Bxe5 Ng3 33.
Bxd6 cxd6 34. Rxd6 Ke7 35. Rd3 Rac8 36. Kb1 h5 37.
Rd1 Ke6 38. Rgd2 R8c6 39. Rd4 Rxc3 40. bxc3 Rxc3 41. Rd6+ Ke7 42. Rd7+ Ke8 43. Rb7 Rxf3 44. Rc1 Rd3 45. Rc8+ Rd8 46. Rxd8+ Kxd8 47. Rxb3 Nxe4 48. Rb4 1-0

[Event "*** Titled Tuesday Blitz"]
[Site "Chess.com"]
[Date "2020.04.14"]
[Round "3"]
[White "1g41-0"]
[Black "Artur0208"]
[Result "1-0"]
[WhiteElo "2482"]
[BlackElo "2749"]
[TimeControl "180+1"]
[EndTime "10:28:12 PDT"]
[Termination "1g41-0 won by resignation"]

1. d4 d5 2. c4 e6 3. Nc3 Be7 4.
cxd5 exd5 5. Bf4 c6 6. e3 Bf5 7. g4 Be6 8. h4 Nd7 9. h5 Nh6 10. Be2 f5 11. Bxh6 gxh6 12. gxf5 Bxf5 13. Bd3 Rf8 14. Bxf5 Rxf5 15. Qd3 Rf7 16. Nge2 Bd6 17. O-O-O Qe7 18. Rdf1 O-O-O 19. f3 Rdf8 20. Rh3 Qe6 21. Ng1 Re8 22. Nd1 Rg8 23. Rh1 Rg2 24. Nc3 Bh2 25.
Nge2 Re7 26. e4 Rf7 27. e5 Rf5 28. Nd1 Rxh5 29. Ne3 Rg7 30. f4 Qh3 31. Rf2 Qh4 32. Rfxh2 Qxh2 33. Rxh2 Rxh2 34. Nf5 Rgg2 35. Nfg3 Nf8 36.
f5 h5 37. e6 Kd8 38. Qe3 Ke7 39. Qe5 h4 40. f6+ 1-0

[Event "*** Titled Tuesday Blitz"]
[Site "Chess.com"]
[Date "2020.04.14"]
[Round "3"]
[White "HanSchut"]
[Black "SuperCheese"]
[Result "0-1"]
[WhiteElo "2224"]
[BlackElo "2524"]
[TimeControl "180+1"]
[EndTime "10:28:12 PDT"]
[Termination "SuperCheese won by resignation"]

1. e4 e5 2. Nf3 Nc6 3. Bc4 Bc5 4.
b4 Bxb4 5. c3 Ba5 6. d4 d6 7.
Qb3 Qd7 8. O-O Bb6 9. Nbd2 exd4 10. cxd4 Na5 11. Qc2 Nxc4 12. Nxc4 Ne7 13. a4 Nc6 14. Bb2 Na5 15. d5 Nxc4 16. Qxc4 O-O 17. e5 Qg4 18. Qc3 f6 19. e6 c6 20. e7 Re8 21. dxc6 bxc6 22. Qxc6 Ba6 23. Rfe1 Rac8 24. Qxd6 Bb7 25. Qg3 Bxf3 26. Qxf3 Qxf3 27. gxf3 Rc2 28. Ba3 Rxf2 29. Kh1 Rxf3 30. a5 Bxa5 31. Red1 Bb6 32. Rd7 Re3 33. Rad1 Kf7 34. Kg2 Rxa3 35. R1d2 Re3 0-1

[Event "*** Titled Tuesday Blitz"]
[Site "Chess.com"]
[Date "2020.04.14"]
[Round "3"]
[White "esskeettit"]
[Black "DACF2905"]
[Result "0-1"]
[WhiteElo "2334"]
[BlackElo "2172"]
[TimeControl "180+1"]
[EndTime "10:28:14 PDT"]
[Termination "DACF2905 won on time"]

1. d4 Nf6 2. c4 e6 3. Nc3 Bb4 4. e3 b6 5. Ne2 Bb7 6. a3 Be7 7. Ng3 O-O 8. f3 d5 9. cxd5 exd5 10. Bd3 c5 11. O-O cxd4 12. exd4 Nc6 13. Be3 Re8 14. Bf2 Bf8 15. Rc1 a6 16. Bb1 g6 17. Qd2 Bg7 18. Ba2 b5 19. Nge2 Na5 20. b3 Rc8 21. Rfe1 Nc6 22. b4 Ne7 23. Nf4 Qd7 24. Nd3 Nf5 25. Nc5 Rxc5 26. dxc5 Bh6 27. f4 d4 28. Rxe8+ Nxe8 29. Rd1 Bg7 30. Re1 Nc7 31. Ne4 Qc6 32. Bg3 Nd5 33. Ng5 h6 34. Bxd5 Qxd5 35. Re8+ Bf8 36.
Ne4 Kg7 37. Bf2 Be7 0-1

[Event "*** Titled Tuesday Blitz"]
[Site "Chess.com"]
[Date "2020.04.14"]
[Round "3"]
[White "SameerMujumdar"]
[Black "Borsuk_Konstantin"]
[Result "1-0"]
[WhiteElo "2416"]
[BlackElo "2478"]
[TimeControl "180+1"]
[EndTime "10:28:15 PDT"]
[Termination "SameerMujumdar won by resignation"]

1. e4 e6 2. d4 d5 3. e5 c5 4. c3 Nc6 5. Nf3 Qb6 6. a3 c4 7.
Be2 Na5 8. O-O Nb3 9. Ra2 Nxc1 10. Qxc1 Ne7 11. Nbd2 Nc6 12. Ra1 Na5 13. Bd1 Bd7 14.
Bc2 Be7 15. Rb1 Qc7 16. Ne1 f5 17. exf6 gxf6 18. f4 O-O-O 19. Ndf3 Kb8 20. Qe3 Bd6 21. g3 h5 22. Nh4 e5 23. fxe5 fxe5 24. Nef3 e4 25. Ne1 Rhg8 26. Neg2 Bh3 27. Rf2 Nc6 28. Rbf1 Ne7 29. Rf7 Qb6 30. Qc1 Nc6 31. R1f6 Nxd4 32.
cxd4 Qxd4+ 33. Kh1 Be5 34. Rf1 a6 35. b4 Qc3 36.
Nf5 h4 37. Nfxh4 Rh8 38. Ng6 Bxg3 39. Nxh8 Rxh8 40. Rf8+ Rxf8 41. Rxf8+ Ka7 42. Qe3+ Qxe3 43. Nxe3 Bd6 44. Rh8 d4 45. Rxh3 d3 46. Nxc4 dxc2 47. Rc3 1-0

[Event "*** Titled Tuesday Blitz"]
[Site "Chess.com"]
[Date "2020.04.14"]
[Round "3"]
[White "VALPARAISO37"]
[Black "annamaja"]
[Result "1-0"]
[WhiteElo "2361"]
[BlackElo "2174"]
[TimeControl "180+1"]
[EndTime "10:28:15 PDT"]
[Termination "VALPARAISO37 won by checkmate"]

1. d4 Nf6 2. c4 e6 3. Nc3 Bb4 4. a3 Bxc3+ 5. bxc3 O-O 6. e3 d5 7. Bd3 dxc4 8. Bxc4 c5 9. Ne2 Nc6 10. O-O b6 11. f3 Bb7 12. e4 cxd4 13. cxd4 Rc8 14.
Bb5 Na5 15. Bg5 h6 16. Bh4 a6 17. Bd3 g5 18. Bf2 b5 19. Ng3 Nc4 20. Ra2 Qe7 21. e5 Nd5 22. Nh5 Nce3 23. Bxe3 Nxe3 24. Qe2 Nxf1 25.
Nf6+ Kg7 26. Qxf1 Rc3 27. f4 Rfc8 28. Ra1 Rxa3 29. Rd1 Qd8 30. d5 Qb6+ 31. Kh1 Bxd5 32. fxg5 hxg5 33. Nh5+ Kf8 34. Bg6 Rc7 35. Qf6 Ke8 36.
Ng7+ Kd7 37. Bxf7 Kc8 38. Bxe6+ Bxe6 39. Nxe6 Rc6 40. Rd8+ Qxd8 41. Qxd8+ Kb7 42. Qd7+ Kb6 43. Qd4+ Kb7 44. Nd8+ Kc7 45. h3 Ra1+ 46. Kh2 Rcc1 47. Qd6+ Kc8 48. Ne6 Rh1+ 49. Kg3 Rag1 50. Qc7# 1-0

[Event "*** Titled Tuesday Blitz"]
[Site "Chess.com"]
[Date "2020.04.14"]
[Round "3"]
[White "kekic76"]
[Black "bmt011"]
[Result "1-0"]
[WhiteElo "2287"]
[BlackElo "1978"]
[TimeControl "180+1"]
[EndTime "10:28:15 PDT"]
[Termination "kekic76 won on time"]

1. e4 e6 2. d4 d5 3. Nd2 Nf6 4. e5 Nfd7 5. Bd3 c5 6. c3 Nc6 7. Ne2 Be7 8. O-O f6 9. f4 cxd4 10. cxd4 O-O 11. Nf3 Qb6 12. Kh1 f5 13. a3 a5 14. b3 Qa7 15. Be3 Rb8 16. Bf2 b5 17. Qd2 b4 18. a4 Ba6 19. Rfc1 Rfc8 20. Ne1 Bxd3 21. Nxd3 Qb6 22. Rc2 Na7 23. Rac1 Rxc2 24.
Rxc2 Rc8 25. h3 Rc6 26. Qc1 Qc7 27. Rxc6 Qxc6 28. Qxc6 Nxc6 29. g4 g6 30. Kg2 Kf7 31. Ne1 Nb6 32. Kf3 Nc4 33. bxc4 dxc4 34. Ke3 Bd8 35.
Kd2 Bb6 36. Kc2 Ke7 37. Nf3 b3+ 38. Kc3 Nb4 39. Kxc4 b2 40. Nc3 Nd5 41. Nb1 Nxf4 42. gxf5 gxf5 43. h4 Ng6 44. Be1 1-0

[Event "*** Titled Tuesday Blitz"]
[Site "Chess.com"]
[Date "2020.04.14"]
[Round "3"]
[White "zmeeed67"]
[Black "Federtiu"]
[Result "0-1"]
[WhiteElo "2370"]
[BlackElo "2666"]
[TimeControl "180+1"]
[EndTime "10:28:16 PDT"]
[Termination "Federtiu won on time"]

1. d4 g6 2. Nf3 Bg7 3. Bg5 f5 4. e3 Nf6 5. c4 d6 6. Nc3 O-O 7. Be2 Nc6 8. d5 Ne5 9. Nxe5 dxe5 10. Qb3 h6 11. Bxf6 Rxf6 12. O-O-O e4 13. c5 Kh7 14. h4 b6 15. c6 h5 16. g3 a6 17. Rd2 Rd6 18.
Rhd1 Qf8 19. Bf1 Qf6 20. Ne2 e6 21. Nf4 exd5 22. Rxd5 Rxc6+ 23. Kb1 a5 24. Bb5 a4 25. Qa3 Rc5 26. Be8 Ba6 27. Bxg6+ Kh6 28. Rxc5 bxc5 29.
Bxh5 Rb8 30. Rd2 c4 31. Nd5 Qe5 32. g4 c3 33. Rd4 Bd3+ 34. Rxd3 exd3 0-1

[Event "*** Titled Tuesday Blitz"]
[Site "Chess.com"]
[Date "2020.04.14"]
[Round "3"]
[White "Generalas"]
[Black "YumiBear"]
[Result "1-0"]
[WhiteElo "2310"]
[BlackElo "2521"]
[TimeControl "180+1"]
[EndTime "10:28:17 PDT"]
[Termination "Generalas won by resignation"]

1. e4 c6 2. d4 d5 3. e5 Bf5 4.
Nf3 e6 5. Be2 c5 6. Nbd2 Nc6 7. c3 cxd4 8. cxd4 Qb6 9. O-O Nge7 10.
Nb3 Bg6 11. Nh4 Nf5 12. Nxg6 hxg6 13. Be3 a5 14. a4 Be7 15. Bb5 O-O 16. Rc1 Rfc8 17.
Qd3 Nb4 18. Qd2 Na2 19. Rxc8+ Rxc8 20. Qxa5 Qxa5 21. Nxa5 Nxe3 22. fxe3 Bg5 23. Re1 Nb4 24. Re2 Rc1+ 25. Kf2 b6 26. Nb3 Rh1 27. Kg3 f5 28. Nd2 Nc2 29. Nf3 Nxe3 30. Nxg5 Nf1+ 31. Kf2 Nxh2 32. Rc2 Ng4+ 33. Kg3 Kf8 34. Rc7 Rd1 35. Rf7+ Kg8 36. Rb7 Kf8 37. Rf7+ Kg8 38. Re7 1-0

[Event "*** Titled Tuesday Blitz"]
[Site "Chess.com"]
[Date "2020.04.14"]
[Round "3"]
[White "Gandrade2"]
[Black "MacDaddyMac"]
[Result "0-1"]
[WhiteElo "1985"]
[BlackElo "2288"]
[TimeControl "180+1"]
[EndTime "10:28:17 PDT"]
[Termination "MacDaddyMac won on time"]

1. d4 Nf6 2. c4 e6 3. Nc3 Bb4 4. f3 c5 5. d5 d6 6. a3 Bxc3+ 7. bxc3 e5 8. e4 Qa5 9. Qc2 Bd7 10. a4 a6 11. Bb2 Bc8 12. Bd3 Nbd7 13. Ne2 Nb6 14. Nc1 Nbd7 15. O-O g5 16. Nb3 Qc7 17. Bc1 h6 18. a5 Nf8 19. Nd2 Bd7 20. Qd1 Ng6 21.
Bc2 O-O-O 22. Ba4 Bxa4 23. Qxa4 Qd7 24. Qb3 Nf4 25. Qb6 Qc7 26. Rb1 Qxb6 27. Rxb6 Kc7 28. Nb3 Nd7 29. Bxf4 gxf4 30. Rb1 Nxb6 31. axb6+ Kxb6 32. Nd4+ Ka7 33. Nf5 h5 34. Kf2 h4 35. h3 Kb8 36. Rb2 Kc7 37. Kf1 Rdg8 38. Ne7 Rg5 0-1

[Event "*** Titled Tuesday Blitz"]
[Site "Chess.com"]
[Date "2020.04.14"]
[Round "3"]
[White "jaskol95"]
[Black "Riazantsev"]
[Result "0-1"]
[WhiteElo "2401"]
[BlackElo "2636"]
[TimeControl "180+1"]
[EndTime "10:28:18 PDT"]
[Termination "Riazantsev won on time"]

1. d4 d5 2. Bf4 c5 3. e3 Nc6 4. Nd2 cxd4 5. exd4 Nxd4 6. c3 Nc6 7. Ngf3 Nf6 8. Bd3 Bg4 9. Qa4 Bxf3 10. Nxf3 e6 11. Ne5 Qb6 12. O-O Be7 13. Be3 Qc7 14. Nxc6 bxc6 15.
Bg5 h6 16. Bxf6 Bxf6 17. Rfe1 O-O 18. Re3 a5 19. Rae1 Rab8 20. Rf3 Be5 21. b3 Bxc3 22. Rc1 Rb4 23. Qa3 Bd4 24. Rg3 Qb6 25. Rf1 Qc5 26.
h3 Rfb8 27. Rf3 R8b7 28. Rc1 Rc4 29. bxc4 Bxf2+ 30. Kf1 Qxa3 31. Bh7+ Kxh7 32. Rxa3 Rb2 33. cxd5 cxd5 34. Rxa5 Be3 35. Rd1 Rf2+ 36. Ke1 Rxg2 37. Ra8 d4 38. a4 Ra2 39. a5 f5 40. a6 f4 41. a7 e5 42. h4 e4 0-1

[Event "*** Titled Tuesday Blitz"]
[Site "Chess.com"]
[Date "2020.04.14"]
[Round "3"]
[White "julinha97"]
[Black "JMatias"]
[Result "0-1"]
[WhiteElo "2150"]
[BlackElo "2348"]
[TimeControl "180+1"]
[EndTime "10:28:18 PDT"]
[Termination "JMatias won by resignation"]

1. e4 e5 2. Nf3 Nc6 3. d4 exd4 4. Bc4 Nf6 5. e5 d5 6. Bb5 Ne4 7. Nxd4 Bd7 8. Bxc6 bxc6 9. O-O Be7 10. f3 Nc5 11.
Be3 Na4 12. b3 Nb6 13. f4 c5 14. Nf3 a5 15. a4 d4 16. Bf2 Nd5 17. Nbd2 Nxf4 18. Ne4 Bc6 19. Qe1 Qd5 20. Nfd2 O-O 21. Bg3 Nh5 22. Bh4 Rae8 23. g4 Bxh4 24. Qxh4 Qxe5 25.
gxh5 Bxe4 26. Rae1 f5 27. Rf4 Qd5 28. Nxe4 fxe4 29.
Rxf8+ Kxf8 30. Qf4+ Kg8 31. h6 e3 32. Qxc7 Qg5+ 33.
Kh1 Qxh6 34. Rf1 Qh5 35. Qf4 Qd5+ 36. Kg1 h6 37. Re1 Re4 38. Qb8+ Kh7 39. Qg3 Qf5 40. Rf1 Qe6 41. h3 e2 42. Re1 Re3 43. Qf4 0-1

[Event "*** Titled Tuesday Blitz"]
[Site "Chess.com"]
[Date "2020.04.14"]
[Round "3"]
[White "BronceYSueno"]
[Black "DishonorOnYourCow"]
[Result "1-0"]
[WhiteElo "2242"]
[BlackElo "2257"]
[TimeControl "180+1"]
[EndTime "10:28:18 PDT"]
[Termination "BronceYSueno won by checkmate"]

1. Nf3 d5 2. g3 Nf6 3. Bg2 g6 4. O-O Bg7 5. d4 O-O 6. c3 c5 7. dxc5 Nbd7 8. b4 a5 9. Bb2 e5 10. a3 e4 11. Nd4 Ne5 12. Nd2 e3 13. f4 Neg4 14. N2f3 Ne4 15. Qd3 Re8 16. Rad1 Nef2 17. Qc2 Nxd1 18. Rxd1 h5 19. Bc1 axb4 20. axb4 b6 21. c6 Qc7 22. Rd3 Ba6 23. b5 Bc8 24.
h3 Nf2 25. Rxe3 Rxe3 26. Bxe3 Ne4 27. Kh2 Ra5 28. c4 Be6 29. Nxe6 fxe6 30. cxd5 exd5 31. Qd3 Nf6 32. Ne5 Bf8 33. Qxg6+ Bg7 34. Bd4 Rxb5 35. Nd7 Qd8 36. Nxf6+ Kf8 37. Nh7+ Kg8 38. Qxg7# 1-0

[Event "*** Titled Tuesday Blitz"]
[Site "Chess.com"]
[Date "2020.04.14"]
[Round "3"]
[White "Incognito_Knight"]
[Black "TST2014"]
[Result "1-0"]
[WhiteElo "2761"]
[BlackElo "2538"]
[TimeControl "180+1"]
[EndTime "10:28:19 PDT"]
[Termination "Incognito_Knight won by resignation"]

1. d4 Nf6 2. c4 e6 3. g3 d5 4. Nf3 Bb4+ 5. Bd2 Be7 6. Bg2 O-O 7. O-O dxc4 8. Qc2 a6 9. Qxc4 b5 10. Qc2 Bb7 11. Ba5 Nc6 12. Bd2 Nxd4 13. Nxd4 Bxg2 14.
Nxe6 fxe6 15. Kxg2 c5 16. Nc3 Qb6 17. a4 Qc6+ 18. f3 Rad8 19. axb5 axb5 20. Rfd1 c4 21. Ra5 Bb4 22. Ra2 Rd7 23. Rda1 Rfd8 24. Bg5 Ng4 25.
Qe4 Qxe4 26. Nxe4 Nf6 27. Bxf6 gxf6 28. Nxf6+ Kf7 29. Nxd7 Rxd7 30. Ra7 Ke7 31. Rxd7+ Kxd7 32. h4 Kc6 33. g4 h6 34. g5 hxg5 35. hxg5 Be7 36.
f4 Bf6 37. gxf6 b4 38. f7 1-0

[Event "*** Titled Tuesday Blitz"]
[Site "Chess.com"]
[Date "2020.04.14"]
[Round "3"]
[White "KinKaiser"]
[Black "KuzubovYuriy"]
[Result "0-1"]
[WhiteElo "2465"]
[BlackElo "2794"]
[TimeControl "180+1"]
[EndTime "10:28:19 PDT"]
[Termination "KuzubovYuriy won on time"]

1. d4 Nf6 2. Nf3 e6 3. Bf4 Nh5 4. Bg5 f6 5. Bh4 g5 6. Bg3 d5 7. e3 Bg7 8. c4 Nxg3 9. hxg3 c6 10. Nc3 Nd7 11. Bd3 h6 12. Bg6+ Ke7 13. Bd3 a6 14. Qe2 dxc4 15. Bxc4 b5 16. Bb3 Bb7 17. Rd1 Re8 18. Qc2 Kf7 19. Ne4 Qe7 20. Nc5 Nxc5 21. dxc5 Kf8 22. Nd4 Bc8 23. Nxc6 Qb7 24. Nd4 Qxg2 25.
Ke2 f5 26. Rhg1 Qb7 27. g4 fxg4 28. Rxg4 a5 29. a4 bxa4 30. Bc4 Bd7 31. Qg6 Rac8 32. c6 Rxc6 33. Nxc6 Bxc6 34. Qh7 Bf3+ 35. Ke1 Bxg4 36.
Rd6 Bf5 0-1

[Event "*** Titled Tuesday Blitz"]
[Site "Chess.com"]
[Date "2020.04.14"]
[Round "3"]
[White "S2PAc"]
[Black "ristingho"]
[Result "1-0"]
[WhiteElo "2761"]
[BlackElo "2461"]
[TimeControl "180+1"]
[EndTime "10:28:19 PDT"]
[Termination "S2PAc won by checkmate"]

1. d4 f5 2. g3 Nf6 3. Bg2 g6 4. Nh3 d6 5. Nf4 Bg7 6. h4 c6 7. h5 e5 8. dxe5 dxe5 9. Qxd8+ Kxd8 10. h6 Bf8 11. Nd3 Nbd7 12. Bg5 Be7 13. Nc3 Re8 14. O-O-O Kc7 15. e4 Nxe4 16. Nxe4 fxe4 17. Bxe7 exd3 18. Ba3 dxc2 19. Kxc2 e4 20. Rd4 Nf6 21. Bd6+ Kb6 22. Rb4+ Ka5 23. a3 b5 24. Kc1 Bf5 25. Rb3 Ka6 26. a4 Rad8 27. Rd1 Re6 28. Bc5 Rxd1+ 29. Kxd1 bxa4 30. Bf1+ Ka5 31. Rb7 Bg4+ 32. Kc1 a6 33. Bb4# 1-0